[Event "7th Sharjah Masters 2024"]
[Site "Sharjah"]
[Date "2024.05.20"]
[Round "7.35"]
[White "Gupta, Abhijeet"]
[Black "Pranav Anand"]
[Result "0-1"]
[ECO "A17"]
[WhiteElo "2604"]
[BlackElo "2532"]
[Annotator "TA"]
[PlyCount "123"]
[EventDate "2024.05.13"]
[EventType "swiss"]
[EventCountry "UAE"]
[SourceTitle "playchess.com"]
[Source "ChessBase"]
[SourceQuality "1"]
[TimeControl "5400+30"]

1. Nf3 Nf6 2. c4 e6 3. Nc3 d5 4. e3 Bd6 5. b3 O-O 6. Bb2 {[%emt 0:00:12] A17: English Opening: 1...Nf6 with ...Bb4.} Nc6 7. Be2 dxc4 8. bxc4 e5 9. Qc2 $146 ({Predecessor:} 9. d3 Bf5 10. O-O Re8 11. Nd5 Nd7 12. h3 e4 13. dxe4 Bxe4 14. Nd2 Bf5 15. Nb3 {½-½ Nanu,C (2523)-Petkov,M (2496) ROM GP KO final 2023 (1.2)}) 9... Re8 10. Ng5 h6 11. h4 Nd4 12. exd4 exd4 13. Nb5 Bc5 14. Kf1 a6 15. Bd3 axb5 16. cxb5 b6 17. Ne4 Nxe4 18. Bxe4 Ra7 19. a4 Qd6 20. Re1 Bd7 21. Bh7+ Kf8 22. Rxe8+ Bxe8 23. Bd3 c6 24. Rh3 (24. g3 $17 {keeps fighting.}) 24... cxb5 (24... Re7 $19 25. Bc4 Kg8) 25. axb5 (25. Bxb5 $17 Bxb5+ 26. axb5) 25... Ra5 (25... Bd7 $19 {has better winning chances.} 26. Rg3 Qf4) 26. Qb3 Qf4 27. Bc4 Qxd2 (27... d3 {is more complex.} 28. Rf3 Qxd2 29. Bxd3 Ra2) 28. Rd3 Qf4 29. Rf3 Qc7 $1 (29... Qxh4 $2 {perishes.} 30. Bxf7 Ra7 (30... Bxb5+ $2 {loses.} 31. Bc4+ Ke7 32. Bxb5 $18) (30... Qh1+ $2 31. Ke2 $18) 31. Bxe8+ Kxe8 32. Qg8+ Kd7 33. Qxg7+ Be7 34. Qg6 $18 (34. Bxd4 Qh1+ 35. Ke2 Qh5 $16) (34. Qxd4+ Qxd4 35. Bxd4 Ke6 $18)) 30. g3 Ra8 ({Black should play} 30... Qd7 $17 {With the idea ...f6.} 31. Rf4 f6) 31. Rf4 Rd8 32. Kg1 Kg8 33. h5 Qe7 34. Qd3 Rd6 35. Bb3 (35. Kg2 $11) 35... Rf6 $1 $17 36. Re4 Bxb5 $1 37. Rxe7 Bxd3 38. Rd7 Kf8 39. Bxd4 Bxd4 40. Rxd4 Be2 41. g4 Bf3 ({Better is} 41... g5 {Strongly threatening ...Rf4.} 42. hxg6 Rxg6) 42. Kh2 $17 Ke7 43. Kg3 b5 44. Rd3 Bc6 45. f4 {[%emt 0:00:05] [#]} (45. Re3+ $142 Kf8 46. f3) 45... Be8 $1 $17 46. Re3+ Kf8 47. g5 Ra6 48. Bd5 Rd6 49. Bb3 Bd7 50. Kf3 Be6 51. Bxe6 Rxe6 52. Ra3 {[%emt 0:00:30] [#]} (52. Rb3 $17 {might work better.}) 52... Re8 (52... b4 $1 $19 {[%cal Rb4a3] is more deadly.} 53. Rb3 Rb6) 53. Ra6 Rb8 54. gxh6 (54. Ke3 $17 {was called for.}) 54... gxh6 $19 55. Rxh6 $2 (55. Ke2 $19) 55... Kg7 56. Rd6 b4 57. Rd2 b3 58. Rb2 Kh6 59. Ke4 Rb5 60. Kd4 Kxh5 (60... Rxh5 61. Rxb3 Ra5 62. Ke4 $11) 61. Kc4 Rb7 62. Kd4 0-1

[Event "7th Sharjah Masters 2024"]
[Site "Sharjah"]
[Date "2024.05.20"]
[Round "7.36"]
[White "Krzyzanowski, Marcin"]
[Black "Jumabayev, Rinat"]
[Result "0-1"]
[ECO "B40"]
[WhiteElo "2526"]
[BlackElo "2597"]
[Annotator "ChessBase"]
[PlyCount "242"]
[EventDate "2024.05.13"]
[EventType "swiss"]
[EventCountry "UAE"]
[SourceTitle "playchess.com"]
[Source "ChessBase"]
[SourceQuality "1"]
[TimeControl "5400+30"]

1. e4 c5 2. c3 e6 3. Nf3 d5 4. exd5 exd5 5. Bb5+ Nc6 6. Qe2+ Qe7 7. d4 Qxe2+ 8. Kxe2 Bd7 9. Re1 O-O-O 10. Kf1 cxd4 11. Nxd4 Nxd4 12. Bxd7+ Kxd7 13. cxd4 Bd6 14. Nc3 Ne7 15. a3 Rc8 16. Re3 f6 17. Rf3 Bc7 18. Na4 Bd6 19. Nc3 Ke6 20. Bf4 Bxf4 21. Rxf4 Rhd8 22. Rf3 Kf7 23. Ne2 Rc2 24. Rb3 Rd7 25. Rc1 Rxc1+ 26. Nxc1 Nf5 27. Ne2 Nd6 28. Rc3 Nc4 29. Rc2 Ke6 30. Ke1 Kd6 31. Kd1 a6 32. a4 Re7 33. b3 Na5 34. Rc3 Nc6 35. Kd2 Re4 36. Re3 Rh4 37. Rh3 Rxh3 38. gxh3 Ke6 39. Ke3 Kf5 40. Nc3 Nb4 41. Kf3 Nc2 42. Ne2 a5 43. h4 Ne1+ 44. Kg3 Ke4 45. h5 Nc2 46. f3+ Kf5 47. h4 b6 48. Kf2 Ke6 49. Kg3 Ne3 50. Kf4 Nf1 51. Nc1 Kd6 52. Nd3 Nd2 53. b4 axb4 54. Nxb4 Nc4 55. Kf5 Nd2 56. Kf4 Ke6 57. Na6 Kd7 58. Nb4 Kd6 59. Nd3 Ke6 60. Kg4 Nb3 61. Nf4+ Kd6 62. h6 gxh6 63. Ne2 Nd2 64. f4 Ke6 65. f5+ Kd6 66. Kh5 Nf3 67. Kg4 Ne1 68. Nc3 Ng2 69. Nd1 Kc6 70. Nc3 h5+ 71. Kxh5 Ne3 72. Ne2 Nxf5 73. Kg4 Ng7 74. h5 Kd6 75. h6 Ne6 76. Kf5 Ke7 77. Kg4 Kf7 78. Nc3 Nc7 79. Kf5 Ke7 80. Kg4 Ke6 81. Ne2 Kf7 82. Nf4 b5 83. axb5 Nxb5 84. Nxd5 Nxd4 85. Nf4 Ne6 86. Nd5 Kg6 87. Ne7+ Kf7 88. Nc6 Nc7 89. Kf5 Nd5 90. Nd8+ Ke8 91. Nc6 Kd7 92. Nd4 Kd6 93. Nb5+ Ke7 94. Ke4 Nb6 95. Kf4 Kf7 96. Kf5 Nc8 97. Nd4 Ne7+ 98. Kg4 Kg6 99. Ne6 Kxh6 100. Nf4 f5+ 101. Kg3 Kg5 102. Nh3+ Kg6 103. Kh4 Kh6 104. Ng1 Ng6+ 105. Kg3 Kg5 106. Nf3+ Kf6 107. Nd4 h6 108. Nf3 Ke6 109. Nd4+ Ke5 110. Nb3 Ke4 111. Nc5+ Ke3 112. Ne6 f4+ 113. Kg2 f3+ 114. Kf1 Ne5 115. Ng7 Ng4 116. Nf5+ Kf4 117. Ng7 Ke4 118. Nh5 Ke3 119. Ng3 h5 120. Nf5+ Kf4 121. Nh4 Ne5 0-1

[Event "7th Sharjah Masters 2024"]
[Site "Sharjah"]
[Date "2024.05.20"]
[Round "7.37"]
[White "Vakhidov, Jakhongir"]
[Black "Raja Rithvik R"]
[Result "1/2-1/2"]
[ECO "D44"]
[WhiteElo "2599"]
[BlackElo "2524"]
[Annotator "TA"]
[PlyCount "25"]
[EventDate "2024.05.13"]
[EventType "swiss"]
[EventCountry "UAE"]
[SourceTitle "playchess.com"]
[Source "ChessBase"]
[SourceQuality "1"]
[TimeControl "5400+30"]

1. c4 c6 2. d4 d5 3. Nf3 Nf6 4. Nc3 e6 5. Bg5 dxc4 6. a4 Bb4 7. e4 Bxc3+ 8. bxc3 {[%emt 0:00:00] White wants to play e5. The position is equal.} Qa5 9. e5 $1 ({Of course not} 9. Bxc4 Qxc3+ 10. Nd2 Nxe4 $17) 9... Ne4 10. Rc1 b5 (10... Nxc3 $2 {too greedy.} 11. Qd2 $18) 11. Qc2 Nxg5 12. Nxg5 {[%emt 0:00:00] axb5 is the strong threat.} Qxa4 13. Qxa4 {[%emt 0:00:00] A rather calm draw.   Weighted Error Value: White=0.00 (flawless) /Black=0.00 (flawless) .  OK:         	White=2     	Black=2      Strong:       	White=1     	---} 1/2-1/2

[Event "7th Sharjah Masters 2024"]
[Site "Sharjah"]
[Date "2024.05.20"]
[Round "7.38"]
[White "Kacharava, Nikolozi"]
[Black "Sethuraman, S.P."]
[Result "0-1"]
[ECO "B90"]
[WhiteElo "2527"]
[BlackElo "2593"]
[Annotator "RC"]
[PlyCount "84"]
[EventDate "2024.05.13"]
[EventType "swiss"]
[EventCountry "UAE"]
[SourceTitle "playchess.com"]
[Source "ChessBase"]
[SourceQuality "1"]
[TimeControl "5400+30"]

1. e4 c5 2. Nf3 d6 3. d4 cxd4 4. Nxd4 Nf6 5. Nc3 a6 6. h3 e5 7. Nf3 Be7 8. g4 Be6 9. g5 Nfd7 10. Be3 Nb6 11. h4 N8d7 12. Qd2 Rc8 13. h5 Nc5 14. h6 g6 15. b3 Qc7 16. Ng1 Ncd7 17. Nge2 f6 18. a4 fxg5 19. Bxg5 Bxg5 20. Qxg5 Qc5 21. a5 Na8 22. Bh3 Nc7 23. Rd1 Rf8 24. Qh4 Nf6 25. Rd3 Bxh3 26. Rhxh3 Ne6 27. Rhf3 g5 28. Qg3 Rc7 29. Rf5 Rcf7 30. Qh3 Rg8 31. Kd1 Nf4 32. Rxf4 gxf4 33. Na4 Ng4 34. Kc1 Qxf2 35. Rc3 Rg5 36. Rc8+ Ke7 37. Nec3 Qe3+ 38. Kb2 Qxh3 39. Nd5+ Ke6 40. Re8+ Kd7 41. Rb8 Nf6 42. Nab6+ Ke6 0-1

[Event "7th Sharjah Masters 2024"]
[Site "Sharjah"]
[Date "2024.05.20"]
[Round "7.39"]
[White "Nikitenko, Mihail"]
[Black "Peralta, Fernando"]
[Result "1/2-1/2"]
[ECO "E06"]
[WhiteElo "2529"]
[BlackElo "2575"]
[Annotator "RC"]
[PlyCount "115"]
[EventDate "2024.05.13"]
[EventType "swiss"]
[EventCountry "UAE"]
[SourceTitle "playchess.com"]
[Source "ChessBase"]
[SourceQuality "1"]
[TimeControl "5400+30"]

1. d4 Nf6 2. c4 e6 3. g3 d5 4. Nf3 Be7 5. Bg2 O-O 6. O-O Nc6 7. b3 b6 8. Bb2 Bb7 9. Nbd2 a5 10. a3 Ne4 11. e3 f5 12. Rc1 Bd6 13. Rc2 Nb8 14. Ne1 Nd7 15. Nd3 Qe7 16. a4 c5 17. cxd5 exd5 18. Nf4 Rad8 19. Nf3 Ndf6 20. Re1 Bb8 21. Ba3 Bd6 22. Bb2 Bb8 23. Nd3 Nd7 24. Qa1 Rc8 25. Rd1 Rfd8 26. Nf4 Nf8 27. Ne1 Qf7 28. Ned3 c4 29. Ne5 Bxe5 30. dxe5 cxb3 31. Rxc8 Rxc8 32. e6 Nxe6 33. Nxe6 Qxe6 34. Bxg7 Rc2 35. Bd4 Nxf2 36. Rb1 Nd3 37. Rf1 Rc1 38. Qa3 b2 39. Qxd3 b1=Q 40. Qxb1 Rxb1 41. Rxb1 Qc6 42. Rxb6 Qc1+ 43. Bf1 Bc6 44. Ra6 Bxa4 45. Rxa5 Bc2 46. Ra1 Qd2 47. Ra2 Qd1 48. Kf2 Bd3 49. Bg2 Be4 50. Bf1 Bd3 51. Bg2 Be4 52. Ra8+ Kf7 53. Ra7+ Ke6 54. Ra6+ Ke7 55. Bxe4 Qd2+ 56. Kf3 Qd1+ 57. Kf2 Qd2+ 58. Kf3 1/2-1/2

[Event "7th Sharjah Masters 2024"]
[Site "Sharjah"]
[Date "2024.05.20"]
[Round "7.40"]
[White "Kadric, Denis"]
[Black "Cardoso Cardoso, Jose Gabriel"]
[Result "0-1"]
[ECO "B89"]
[WhiteElo "2558"]
[BlackElo "2497"]
[Annotator "TA"]
[PlyCount "60"]
[EventDate "2024.05.13"]
[EventType "swiss"]
[EventCountry "UAE"]
[SourceTitle "playchess.com"]
[Source "ChessBase"]
[SourceQuality "1"]
[TimeControl "5400+30"]

1. e4 c5 2. Nf3 d6 3. d4 cxd4 4. Nxd4 Nf6 5. Nc3 Nc6 6. Bc4 e6 7. Be3 Bd7 8. Bb3 Nxd4 9. Bxd4 b5 10. a3 {[%emt 0:01:53] The position is equal.} Bc6 11. Qd3 Be7 12. O-O-O O-O 13. Rhe1 Qb8 {[%emt 0:13:06] [#]} (13... Rb8 $11) 14. Nd5 $1 $14 Bxd5 (14... exd5 $2 15. exd5 Bxd5 (15... Nxd5 $2 16. Qg3 $18) 16. Rxe7 Bxb3 17. Qxb3 $18) 15. exd5 e5 16. f4 Nd7 17. Kb1 (17. fxe5 $1 $16 {aiming for e6.} dxe5 18. Be3) 17... Bf6 18. fxe5 Bxe5 19. c3 a5 20. Qh3 Qb7 21. Re4 Rfe8 22. Bc2 {[%emt 0:06:27][%cal Oe4e5] Strongly threatening Rxe5! A strong pair of Bishops.} g6 23. Rf1 {[%emt 0:04:07][%cal Of1f7] Black must now prevent Rxf7!} f5 24. Rh4 Nf6 25. Bxf5 $1 gxf5 26. Rxf5 (26. Qxf5 $11 Nxd5 (26... Qxd5 $2 27. Qg5+ Kh8 28. Rxf6 $18) (26... Bxd4 27. Rxd4 Rf8 28. Qe6+ Kg7 29. Rd3 $18) 27. Rf3) 26... Bxd4 $15 (26... Qxd5 27. Qe3 (27. Rxf6 $2 Bxf6 28. Qg3+ Bg5 $19) (27. Bxe5 Rxe5 28. Qg3+ Kh8 $16) 27... Qf7 (27... Qxg2 $2 28. Rg5+ $18) 28. Qg5+ (28. Bxe5 Rxe5 29. Rxe5 dxe5 $11) 28... Qg7 (28... Kf8 29. Rh6 $16) 29. Bxe5 dxe5 30. Qxf6 Qxf6 31. Rxf6 $16) 27. cxd4 $2 {[%emt 0:00:01] [#] Loses the game.} ({White should play} 27. Rxd4 $15 Qe7 28. Rdf4 Qe1+ 29. Ka2) 27... Re1+ $1 $19 ({Inferior is} 27... Nxd5 28. Qb3 Re3 (28... Re1+ $2 29. Ka2 $18) 29. Rg5+ (29. Qxd5+ Qxd5 30. Rxd5 b4 $16) 29... Kh8 30. Qxd5 Qxd5 31. Rxd5 $16) 28. Ka2 {[%emt 0:00:23] [#]} Qc8 $1 29. Qg3+ (29. Rxf6 $2 {loses.} Qc4+ 30. Qb3 Ra1+ 31. Kxa1 Qxb3 32. Rg4+ Kh8 $19) 29... Kh8 {[%emt 0:00:13] ( -> ...Qc4+)} 30. Qd3 {[%emt 0:00:01] [#]} (30. Rxf6 $2 {is the wrong capture.} Qc4+ 31. Qb3 Ra1+ 32. Kxa1 Qxb3 $19) (30. Qxe1 $19 Qxf5 31. Qe6 Qxd5+ 32. Qxd5 Nxd5 33. Rh6) 30... Qc1 $1 {[%emt 0:00:17] Weighted Error Value: White=0.44/Black=0.11 (very precise) .  Loses game:     	White=1     	---        Mistake:       	White=3     	Black=1      Inaccurate:     	---       	Black=2      OK:         	White=5     	Black=10     Best:        	White=3     	Black=3      Strong:       	White=1     	Black=2      Brilliant:      	White=1     	---} 0-1

[Event "7th Sharjah Masters 2024"]
[Site "Sharjah"]
[Date "2024.05.20"]
[Round "7.41"]
[White "Samant Aditya S"]
[Black "Seemann, Jakub"]
[Result "1/2-1/2"]
[ECO "B12"]
[WhiteElo "2501"]
[BlackElo "2475"]
[Annotator "TA"]
[PlyCount "97"]
[EventDate "2024.05.13"]
[EventType "swiss"]
[EventCountry "UAE"]
[SourceTitle "playchess.com"]
[Source "ChessBase"]
[SourceQuality "1"]
[TimeControl "5400+30"]

1. e4 c6 2. d4 d5 3. e5 Bf5 4. Nf3 e6 5. Be2 Nd7 6. O-O a5 $1 {[%emt 0:00:02][%mdl 4] is recently more successful than 6...Ne7. B12: Caro-Kann: Advance Variation.} 7. Nc3 a4 8. Rb1 h6 $146 ({Predecessor:} 8... b5 9. b3 a3 10. Bd3 Ne7 11. Bg5 Bg6 12. Ne2 Qa5 13. c4 b4 14. Rc1 h6 15. Bxe7 Bxe7 16. Bxg6 fxg6 {1-0 Paravyan,D (2612)-Jakubowski,K (2467) Titled Tuesday intern op 13th Feb Early blitz 2024 (3)}) 9. Bd3 Ne7 10. Ne2 Qa5 11. Ng3 Bxd3 12. Qxd3 c5 13. c3 Qa6 14. Qd1 g6 15. h4 Nc6 16. h5 g5 17. Be3 a3 18. bxa3 b6 19. Rc1 Qc4 20. Qb3 Qxb3 21. axb3 Rxa3 22. b4 Be7 23. bxc5 bxc5 24. Nh2 Nb6 25. Ng4 Nc4 (25... cxd4 $5 26. Bxd4 Nc4 $14) 26. Ne2 Ra2 27. Rfe1 Kf8 28. Ra1 Rxa1 29. Rxa1 Kg7 30. Ra6 Rc8 31. g3 cxd4 32. cxd4 Bd8 33. f4 Nb4 34. Ra4 Nc2 35. Bf2 Rb8 36. Kg2 Rb2 37. Ra8 Be7 38. Ra7 Bb4 39. fxg5 hxg5 40. Ra8 Ne1+ 41. Bxe1 Bxe1 42. Nf6 Rxe2+ 43. Kf1 Re3 44. Rg8+ Kh6 45. Rh8+ Kg7 46. Rg8+ Kh6 47. Rh8+ Kg7 48. Rh7+ Kf8 49. Rh8+ 1/2-1/2

[Event "7th Sharjah Masters 2024"]
[Site "Sharjah"]
[Date "2024.05.20"]
[Round "7.42"]
[White "Suleymenov, Alisher"]
[Black "Dronavalli, Harika"]
[Result "1-0"]
[ECO "E06"]
[WhiteElo "2501"]
[BlackElo "2504"]
[Annotator "TA"]
[PlyCount "95"]
[EventDate "2024.05.13"]
[EventType "swiss"]
[EventCountry "UAE"]
[SourceTitle "playchess.com"]
[Source "ChessBase"]
[SourceQuality "1"]
[TimeControl "5400+30"]

1. d4 d5 2. c4 e6 3. Nf3 Nf6 4. g3 Be7 5. Bg2 O-O 6. Nc3 dxc4 7. Ne5 Nc6 8. Bxc6 {[%emt 0:00:30] E06: Closed Catalan: Early deviations.} bxc6 9. Nxc6 Qe8 10. Nxe7+ Qxe7 11. Qa4 Nd5 {[%emt 0:00:30] is currently scoring better than 11...c5.} 12. Qxc4 a5 13. Qc5 Qxc5 14. dxc5 Nxc3 15. bxc3 e5 16. f3 $146 ({Predecessor:} 16. f4 Re8 17. Kf2 Rb8 18. Rd1 Bg4 19. Rd2 exf4 20. gxf4 Re4 21. e3 Rbe8 22. Rd4 {1-0 Cesar Maestre,B (2357)-Garcia Fernandez,V (2177) ESP-ch U18 Salobrena 2023 (6)}) 16... Be6 17. Kf2 Rfb8 18. Rd1 f6 19. g4 Kf7 20. h4 Ke8 21. g5 Rd8 22. Rg1 Rab8 23. h5 f5 24. g6 h6 25. f4 Rd5 ({Better is} 25... Rb5 $14) 26. Be3 $16 Rb2 27. Rgb1 Rc2 28. Rc1 Rb2 29. Rab1 Rxa2 30. Ra1 (30. c4 $142 Rd8 31. c6 (31. fxe5 f4 $11)) 30... Rb2 (30... Rxa1 $2 31. Rxa1 exf4 32. Bd4 $18) (30... exf4 $16 31. Bd4 (31. Rxa2 fxe3+ 32. Kf3 Rxc5 $16) 31... Rxa1 32. Rxa1 f3 33. Kxf3 (33. exf3 f4 $18) 33... f4 34. Bxg7 (34. Rxa5 Rxh5 35. Kxf4 Rg5 $14) 34... Rxc5) 31. Rxa5 $18 c6 (31... Rb8 {was necessary.} 32. Rca1 (32. c4 Rdd8 $18) 32... exf4) 32. Ra6 $18 Rd7 33. Rxc6 (33. fxe5 Bc4 34. Rxc6 Rxe2+ 35. Kf3 Ra2) 33... Bc4 34. Rc8+ ({Don't do} 34. fxe5 Bxe2 35. Rd6 f4 36. Bxf4 Rc7) 34... Rd8 35. Rxd8+ Kxd8 36. Rd1+ ({Less strong is} 36. fxe5 Bxe2 37. Kg3 Bxh5 $18) 36... Ke7 $2 (36... Kc7) 37. Rd2 $18 ({Weaker is} 37. fxe5 Rxe2+ 38. Kf3 Rc2 $16) 37... Rxd2 38. Bxd2 Bd5 $2 (38... Kd7 39. fxe5 Be6) 39. c4 $18 Bxc4 40. c6 Kd6 41. Bc3 Kxc6 42. Bxe5 Kd7 43. Bxg7 Ke6 44. Bxh6 Kf6 45. Bg5+ Kg7 46. e4 Be6 47. exf5 Bxf5 48. Kg3 1-0

[Event "7th Sharjah Masters 2024"]
[Site "Sharjah"]
[Date "2024.05.20"]
[Round "7.43"]
[White "Avila Pavas, Santiago"]
[Black "Klimkowski, Jan"]
[Result "0-1"]
[ECO "C54"]
[WhiteElo "2516"]
[BlackElo "2518"]
[Annotator "RC"]
[PlyCount "101"]
[EventDate "2024.05.13"]
[EventType "swiss"]
[EventCountry "UAE"]
[SourceTitle "playchess.com"]
[Source "ChessBase"]
[SourceQuality "1"]
[TimeControl "5400+30"]

1. e4 e5 2. Nf3 Nc6 3. Bc4 Nf6 4. d3 Bc5 5. c3 O-O 6. O-O d5 7. exd5 Nxd5 8. a4 Bf5 9. a5 a6 10. Nbd2 b5 11. axb6 Nxb6 12. Nb3 Be7 13. Bxa6 Rxa6 14. Rxa6 Bxd3 15. Na5 Bxa6 16. Nxc6 Qe8 17. Nxe7+ Qxe7 18. Re1 Rd8 19. Bd2 f6 20. Qc1 Bb7 21. Nxe5 Rxd2 22. Qxd2 fxe5 23. Qe2 e4 24. f3 Qc5+ 25. Kh1 Nd7 26. fxe4 Nf6 27. Qd3 Qe5 28. Qg3 Qxg3 29. hxg3 Bxe4 30. b4 Kf7 31. c4 Ke6 32. Rd1 Nd7 33. Rd4 Bb7 34. Kg1 Ne5 35. b5 Nd7 36. Kf2 h6 37. Rd2 Nc5 38. Ke3 Ne4 39. Rd8 Nd6 40. Kd3 Bxg2 41. Rf8 h5 42. Kc3 Ne4+ 43. Kb4 Nxg3 44. c5 Nf5 45. c6 h4 46. Re8+ Ne7 47. Rh8 h3 48. Kc5 g5 49. Rh6+ Kf5 50. Rh7 Kf6 51. Kd4 0-1